AoeStats
← The_Champ1ño

Northern Isles

510848654Analyzed
1v1 RM · 13h ago on Oct 2, 2026· 67m 38s· 2 players
Game mode
Random Map
Map size
Tiny (2 player)
Population
200
Speed
Normal
Resources
Standard
Victory
Conquest
Starting age
Dark Age
Ending age
Imperial Age
RankedLock teamsTeams togetherTeam positionsShared explorationLock speedFull tech treeHidden civsTurbo modeCheats
Victory
Defeat
🇦🇷 Britons · Argentina
741
+17
🇵🇱 Persians · Poland
758
-17
The_Champ1ño
14:03 Feudal Age
15:23 Double-Bit Axe
15:41 Horse Collar
17:19 Gold Mining
19:33 Castle Age
18:09 Wheelbarrow
17:48 Forging
20:59 Fletching
21:44 Iron Casting
21:10 Padded Archer Armor
21:11 Scale Mail Armor
22:14 Bodkin Arrow
22:24 Scale Barding Armor
21:54 Man-at-Arms
21:58 Pikeman
22:38 Squires
25:49 Fishing Lines
26:50 Long Swordsman
27:40 Husbandry
27:01 Light Cavalry
29:22 Gillnets
34:22 Yeomen
35:13 Hand Cart
34:44 Loom
34:47 Town Watch
36:41 Chain Mail Armor
36:41 Leather Archer Armor
36:46 Chain Barding Armor
37:32 Heavy Plow
37:46 Bow Saw
37:29 Stone Mining
49:49 Imperial Age
51:42 Blast Furnace
50:43 Bracer
51:14 Plate Mail Armor
51:14 Ring Archer Armor
51:04 Chain Barding Armor
51:02 Cavalier
52:21 Halberdier
58:27 Capped Ram
61:21 Plate Barding Armor
62:10 Elite Longbowman
62:51 Warwolf
67:09 Chemistry
66:00 Guard Tower
66:30 Ballistics
66:00 Heated Shot
66:21 Masonry
65:52 Treadmill Crane
66:34 Shipwright
66:00 Arrowslits
Sanjuro
5:26 Loom
11:38 Feudal Age
14:20 Wheelbarrow
14:07 Double-Bit Axe
20:22 Castle Age
19:03 Gold Mining
19:03 Stone Mining
21:10 Medium Warships
21:52 Fletching
22:13 Forging
22:46 Husbandry
25:30 Horse Collar
28:08 Bloodlines
28:10 Scale Barding Armor
28:41 Iron Casting
31:32 Clinker Construction
31:19 Murder Holes
31:13 Town Watch
40:15 Elite Skirmisher
42:22 Padded Archer Armor
44:45 Leather Archer Armor
59:19 Imperial Age
60:12 Cavalier
62:39 Chemistry
63:35 Chain Barding Armor
63:11 Bodkin Arrow
64:17 Blast Furnace
64:28 Hand Cart
64:55 Heavy Camel Rider
Connection lost

Rejoining the realm…

Still unreachable

The connection could not be restored.

Session expired

The server has moved on; the page needs a fresh start.